 Dungeon Crawl Stone Soup version 0.18.1-47-g9310371 (webtiles) character file.

39 sarahorange the Conjurer (level 3, -3/21 HPs)
             Began as a High Elf Conjurer on June 17, 2016.
             Slain by Malvoorn's ghost (13 damage)
             ... on level 3 of the Dungeon.
             The game lasted 00:17:02 (1676 turns).

sarahorange the Conjurer (High Elf Conjurer)        Turns: 1676, Time: 00:17:03

Health: -3/21      AC:  2    Str: 10    XL:     3   Next: 28%
Magic:  7/16       EV: 13    Int: 19    God:
Gold:   102        SH:  0    Dex: 16    Spells: 2 memorised, 4 levels left

rFire  . . .     SeeInvis .     r - +0 dagger (holy)
rCold  . . .     Gourm    .     a - +0 robe
rNeg   . . .     Faith    .     (no shield)
rPois  .         Spirit   .     (no helmet)
rElec  .         Dismiss  .     (no cloak)
rCorr  .         Reflect  .     (no gloves)
SustAt .         Harm     .     (no boots)
MR     .....                    (no amulet)
Stlth  ++........               f - +3 ring of strength
                                k - ring of magical power

@: not resistant to hostile enchantments, unstealthy
A: no striking features
a: no special abilities


You were on level 3 of the Dungeon.
You were not hungry.

You visited 1 branch of the dungeon, and saw 3 of its levels.

You collected 102 gold pieces.

Inventory:

Hand Weapons
 i - a +0 short sword
 r - a +0 dagger of holy wrath (weapon)
Missiles
 d - 12 sling bullets
 j - 47 stones (quivered)
Armour
 a - a +0 robe (worn)
Jewellery
 e - an uncursed ring of protection from fire
 f - a +3 ring of strength (right hand)
 k - a ring of magical power (left hand)
Wands
 q - a wand of digging (0/24)
Scrolls
 g - 3 scrolls of fog {unknown}
 h - a scroll of fear {unknown}
 l - a scroll of remove curse {unknown}
 m - a scroll of identify
 p - a scroll of magic mapping
Books
 b - a book of Conjurations

   Spells                             Type                      Level
   a - Magic Dart                     Conjuration                  1
   b - Searing Ray                    Conjuration                  2
   c - Dazzling Spray                 Conjuration/Hexes            3
   d - Fulminant Prism                Conjuration/Hexes            4
   e - Iskenderun's Mystic Blast      Conjuration                  4
   f - Iskenderun's Battlesphere      Conjuration/Charms           5
Comestibles
 c - 4 chunks of flesh


   Skills:
 + Level 2.4 Dodging
 + Level 2.2 Stealth
 + Level 2.5 Spellcasting
 * Level 5.4 Conjurations


You had 4 spell levels left.
You knew the following spells:

 Your Spells              Type           Power        Failure   Level  Hunger
a - Magic Dart            Conj           ###.         1%          1    #......
b - Searing Ray           Conj           ###...       2%          2    ##.....


Dungeon Overview and Level Annotations

Branches:
Dungeon (3/15)

Altars:
Pakellas

Annotations:
D:3 Malvoorn's ghost, amateur TrMo


Message History

Malvoorn's ghost is moderately damaged.
The searing ray hits Malvoorn's ghost.
Malvoorn's ghost is moderately damaged.
Malvoorn's ghost hits you!
Casting: Searing Ray
Confirm with . or Enter, or press ? or * to list all spells.
Aiming: Searing Ray
Press: ? - help, Shift-Dir - straight line, f/p - Malvoorn's ghost
Aim: Malvoorn's ghost (moderately damaged)
The searing ray hits Malvoorn's ghost.
Malvoorn's ghost is moderately damaged.
Malvoorn's ghost closely misses you.
The searing ray hits Malvoorn's ghost.
Malvoorn's ghost is heavily damaged.
Malvoorn's ghost hits you.
The searing ray hits Malvoorn's ghost.
Malvoorn's ghost is heavily damaged.
Malvoorn's ghost hits you!
Ouch! That really hurt!
You die...

...
#.#
#.#
#.#
#.#
#S#
#W#
#@#
###


You could see Malvoorn's ghost and an adder.

Vanquished Creatures
  2 worms (D:2)
  A giant gecko (D:1)
  A giant cockroach (D:2)
  7 goblins
  4 hobgoblins
  3 jackals (D:2)
  6 bats
  A giant newt (D:1)
  5 kobolds
  A rat (D:1)
31 creatures vanquished.

Notes
Turn   | Place    | Note
--------------------------------------------------------------
     0 | D:1      | sarahorange the High Elf Conjurer began the quest for the Orb.
     0 | D:1      | Reached XP level 1. HP: 11/11 MP: 4/4
   499 | D:1      | Reached XP level 2. HP: 17/17 MP: 4/6
   507 | D:1      | Learned a level 2 spell: Searing Ray
   775 | D:2      | Reached skill level 5 in Conjurations
  1138 | D:2      | Found an oddly glowing altar of Pakellas.
  1214 | D:2      | Reached XP level 3. HP: 21/21 MP: 0/7
  1667 | D:3      | Noticed Malvoorn's ghost (amateur TrMo)
  1676 | D:3      | Slain by Malvoorn's ghost

Skill      XL: |  1  2 |
---------------+-------+-----
Conjurations   | 5 |  5.4
Dodging        | |  2.4
Stealth        | |  2.2
Spellcasting   | |  2.5

Action                   || total
-------------------------++-------
Melee: Short sword       ||     4
       Dagger            ||     4
Throw: Stone             ||     1
 Cast: Magic Dart        ||    48
       Searing Ray       ||     4
Evoke: Wand              ||     1
  Use: Scroll            ||     5
       Potion            ||     2
  Eat: Chunk             ||     1
       Bread ration      ||     1
Armor: Robe              ||     4
Dodge: Dodged            ||    12
